 Dungeon Crawl Stone Soup version 0.30.1 (webtiles) character file.

Game seed: 8428790532900131802

784 Woods the Cleaver (level 7, -14/66 HPs)
             Began as a Hill Orc Monk on July 3, 2023.
             Was a Follower of Beogh.
             Killed from afar by a steam dragon (16 damage)
             ... with a ball of steam
             ... on level 6 of the Dungeon.
             The game lasted 00:13:51 (6622 turns).

Woods the Cleaver (Hill Orc Monk)                   Turns: 6622, Time: 00:13:51

Health: -14/66     AC:  2    Str: 16    XL:     7   Next: 86%
Magic:  7/7        EV: 27    Int: 10    God:    Beogh [*.....]
Gold:   142        SH:  0    Dex: 13    Spells: 6/6 levels left

rFire   . . .        a - +0 hand axe
rCold   . . .        d - orb {light}
rNeg    . . .        b - +0 robe
rPois   .            (no helmet)
rElec   .            C - scarf {harm}
rCorr   .            (no gloves)
SInv    .            (no boots)
Will    .....        y - amulet of the acrobat
Stlth   +            (no ring)
HPRegen 0.31/turn    (no ring)
MPRegen 0.10/turn

%: harm (+30% outgoing, +20% incoming), acrobat
@: acrobatic, glowing
A: no striking features
a: Renounce Religion


You were on level 6 of the Dungeon.
You worshipped Beogh.
Beogh was aware of your devotion.
You visited 1 branch of the dungeon, and saw 6 of its levels.

You collected 174 gold pieces.
You spent 32 gold pieces at shops.

Inventory:

Hand Weapons
 a - a +0 hand axe (weapon)
Armour
 b - a +0 robe (worn)
 d - an orb of light (worn)
 C - a scarf of harm (worn)
Jewellery
 o - a ring of ice
 u - a ring of fire
 w - a +6 ring of strength
 y - an amulet of the acrobat (around neck)
Wands
 v - a wand of polymorph (3)
Scrolls
 k - a scroll of immolation {unknown}
 l - 8 scrolls of identify
 m - 3 scrolls of fear {unknown}
 n - 2 scrolls of noise {unknown}
 p - 3 scrolls of teleportation {unknown}
 q - 2 scrolls of enchant weapon {unknown}
 s - a scroll of poison {unknown}
 t - a scroll of blinking {unknown}
 z - 3 scrolls of amnesia {unknown}
 A - 2 scrolls of summoning {unknown}
 B - a scroll of magic mapping {unknown}
Potions
 c - a potion of ambrosia
 e - 3 potions of curing {unknown}
 f - a potion of heal wounds {unknown}
 g - 2 potions of haste {unknown}
 h - 4 potions of flight {unknown}
 i - 2 potions of mutation {unknown}
 j - 2 potions of resistance
 r - a potion of brilliance {unknown}
 x - a potion of berserk rage {unknown}


   Skills:
 - Level 7.0 Fighting
 + Level 9.9 Axes
 - Level 2.4 Dodging


You had 6 spell levels left.
You didn't know any spells.
Your spell library contained the following spells:

 Spells                   Type           Power      Damage    Failure   Level
 Ensorcelled Hibernation  Hex/Ice        0%         N/A       50%         2
 Passwall                 Tmut/Erth      0%         N/A       50%         2
 Static Discharge         Conj/Air       0%         2-2/arc   50%         2
 Swiftness                Air            0%         N/A       75%         3
 Airstrike                Air            0%         2d(0-16)  98%         4
 Summon Lightning Spire   Summ/Air       0%         N/A       98%         4


Dungeon Overview and Level Annotations

Branches:
Dungeon (6/15)
 Temple: D:4-7

Altars:
Ashenzari
Gozag
Xom

Shops:
D:2 :   D:5 *

Annotations:
D:4 3 runed translucent doors, Dowan; Duvessa; valliere's ghost, amateur DgTm


Message History

The steam dragon breathes steam at you. The ball of steam hits you!
An ice beast comes into view.
The steam dragon misses you. The steam dragon closely misses you.
You hit the steam dragon but do no damage.
The steam dragon closely misses you. x2
You hit the steam dragon but do no damage.
The steam dragon breathes steam at you. The ball of steam misses you.
You hear an angry hiss.
You hit the steam dragon.
The steam dragon is moderately wounded.
You are engulfed in a cloud of scalding steam.
The steam dragon closely misses you.
The steam dragon claws you but does no damage.
You barely miss the steam dragon.
The steam dragon is moderately wounded.
You are engulfed in a cloud of scalding steam.
The steam dragon bites you but does no damage.
The steam dragon closely misses you.
You hit the steam dragon.
The steam dragon is moderately wounded.
You are engulfed in a cloud of scalding steam.
You hit the steam dragon but do no damage.
The steam dragon is moderately wounded.
The steam dragon bites you! The steam dragon barely misses you.
You hit the steam dragon but do no damage.
The steam dragon is moderately wounded.
You hit the ice beast. The steam dragon bites you!
* * * LOW HITPOINT WARNING * * *
The steam dragon closely misses you. The ice beast barely misses you.
Unknown command.
The steam dragon attacks as you move away!
The steam dragon bites you!
* * * LOW HITPOINT WARNING * * *
The steam dragon claws you.
* * * LOW HITPOINT WARNING * * *
The steam dragon breathes steam at you. The ball of steam hits you!
You die...

#......##.#
#.....##.#### ..
##.....#......
#..#..........#
.............## ..
......$Y......### #..
#######D#####...##..#
#ยง# #......## #@#
#.....#..#.# #.#
#..........
#.#####).....#..
#........#.#.#.#
#######.#####..# .###
#.##..#..# .#
#.###....# #.
##.......#.
#.......#.#


You could see a steam dragon (catching breath) and an ice beast.

Vanquished Creatures
  Sigmund (D:5)
  An ogre (D:5)
  An orc priest (D:5)
  A jelly (D:5)
  A gnoll bouda (D:4)
  A sleepcap (D:4)
  A hound (D:5)
  4 iguanas
  An orc wizard (D:5)
  9 gnolls
  8 adders
  2 ufetubi (D:4)
  A worm (D:2)
  2 dart slugs
  2 orcs
  8 bats
  6 endoplasms
  2 giant cockroaches
  5 goblins
  9 hobgoblins
  13 jackals
  9 kobolds
  4 quokkas
  8 ball pythons
  4 frilled lizards
  2 rats
106 creatures vanquished.

Vanquished Creatures (others)
  An orc wizard (D:5)
  3 orcs (D:5)
4 creatures vanquished.

Grand Total: 110 creatures vanquished

Notes
Turn   | Place    | Note
-------+----------+-------------------------------------------
     0 | D:1      | Woods the Hill Orc Monk began the quest for the Orb.
     0 | D:1      | Reached XP level 1. HP: 19/19 MP: 1/1
   113 | D:1      | Reached XP level 2. HP: 27/27 MP: 2/2
   699 | D:2      | Reached XP level 3. HP: 30/34 MP: 3/3
   894 | D:2      | Reached skill level 5 in Axes
  1196 | D:2      | Reached XP level 4. HP: 30/41 MP: 4/4
  1212 | D:2      | Reached skill level 5 in Fighting
  1222 | D:2      | HP: 1/42 [gnoll/+0 whip (8)]
  1544 | D:2      | Found Tohiec's Book Shoppe.
  1768 | D:2      | Reached XP level 5. HP: 41/48 MP: 5/5
  2084 | D:2      | Found a faded altar of an unknown god.
  2141 | D:3      | Found a shimmering altar of Xom.
  2167 | D:3      | Reached skill level 6 in Axes
  2559 | D:3      | Found a broken altar of Ashenzari.
  3472 | D:4      | Found a runed translucent gate.
  3476 | D:4      | Found a runed translucent gate.
  3476 | D:4      | Found a runed translucent gate.
  3542 | D:4      | Noticed Duvessa
  3542 | D:4      | Noticed Dowan
  3764 | D:4      | Reached XP level 6. HP: 48/57 MP: 6/6
  4069 | D:4      | Noticed valliere's ghost (amateur DgTm)
  4707 | D:5      | Entered Level 5 of the Dungeon
  4788 | D:5      | Found an opulent altar of Gozag.
  4841 | D:5      | Reached skill level 7 in Axes
  5643 | D:5      | Reached XP level 7. HP: 46/66 MP: 7/7
  5797 | D:5      | Became a worshipper of Beogh the Brigand
  5797 | D:5      | Reached * piety under Beogh
  5797 | D:5      | Reached ** piety under Beogh
  6081 | D:5      | Reached skill level 8 in Axes
  6155 | D:5      | Found Ykoerigu's CLEARANCE SALE!.
  6191 | D:5      | Noticed Sigmund
  6209 | D:5      | Killed Sigmund
  6210 | D:5      | Reached skill level 9 in Axes
  6216 | D:5      | Bought a potion of resistance for 20 gold pieces
  6216 | D:5      | Bought 3 scrolls of identify for 12 gold pieces
  6598 | D:6      | Identified the +5 shortbow "Teczewad" {flame, rElec rPois
                  | Will- Dex+3}
  6608 | D:6      | Noticed a steam dragon
  6621 | D:6      | HP: 3/66 [steam dragon (10)]
  6621 | D:6      | HP: 1/66 [steam dragon (2)]
  6622 | D:6      | Killed from afar by a steam dragon

Illustrated notes

Levels and vault maps discovered:
D:1:      sevenhm_arrival_forest_fort_small_4, layout_basic,
          serial_bayou_lagoon_b
D:2:      layout_loops_corners, serial_shops, nicolae_book_shop_shelving,
          hellmonk_ecumenical_altar_leap_of_faith, hangedman_feature_mirror
D:3:      layout_basic, lemuel_crystal_altar,
          mainiacjoe_overflow_small_starburst
D:4:      layout_basic, ebering_ghost_rock_garden, minmay_misc_feat_five,
          roderic_roman_lattice, kennysheep_decorative_pillar, uniq_duvessa
D:5:      layout_basic, kennysheep_mini_moat, minivault_19,
          nicolae_shop_clearance, uniq_sigmund
D:6:      layout_layer_cave, serial_co_window_serial,
          co_window_of_opportunity_a, co_window_corner_a,
          co_window_of_opportunity_a, co_window_paths_a, co_window_paths_a,
          co_window_paths_a, co_window_paths_b, co_window_2corner,
          co_window_broadway_a, co_window_corner_ca, co_window_corner_b,
          co_window_cross_3, co_window_corner_b, co_window_of_opportunity_b,
          co_window_paths_d, glass_columns_a, glass_columns_a, glass_columns_a

Skill      XL: |  1  2  3  4  5  6  7 |
---------------+----------------------+-----
Fighting       | 4 5 6 7 |  7.0
Axes           | 5 6 7 9 |  9.9
Dodging        | |  2.4

Action                     |  1- 3 |  4- 6 |  7- 9 || total
---------------------------+-------+-------+-------++-------
  Melee: Hand axe          |   103 |   263 |    59 ||   425
 Invoke: Smiting           |       |       |     1 ||     1
         Convert to Beogh  |       |       |     1 ||     1
 Armour: Robe              |    16 |    33 |     2 ||    51
  Dodge: Dodged            |    67 |   225 |    30 ||   322
